TOP OF THE 1ST |
Mississippi Rebels batting - Pitching for Saint John's Red Storm : RHP Calvin Snyder
|
Pitching: RHP Calvin Snyder
|
|
Batting: LHB Walt Ward
|
0-0: Ball 1-0: Ball 2-0: Ball 3-0: Base on Balls
|
Batting: RHB Anthony Stanley
|
0-0: Swinging Strike 0-1: Ball Walt Ward is caught stealing 2nd base 1-1: Ball 2-1: Ball 3-1: Swinging Strike 3-2: Ground out 4-3 (Groundball, 4)
|
Batting: RHB Alejandro Ruíz
|
0-0: Ball 1-0: Foul Ball, location: 2F 1-1: Ground out 6-3 (Groundball, 6)
|
Top of the 1st over - 0 run(s), 0 hit(s), 0 error(s), 0 left on base; Mississippi 0 - Saint John's 0 |
BOTTOM OF THE 1ST |
Saint John's Red Storm batting - Pitching for Mississippi Rebels : RHP Patrick Moore
|
Pitching: RHP Patrick Moore
|
|
Batting: LHB John Cook
|
0-0: Ball 1-0: Ball 2-0: Ball 3-0: Base on Balls
|
Batting: RHB Duane Grounds
|
0-0: Foul Ball, location: 2F 0-1: Called Strike 0-2: SINGLE (Groundball, 56D) John Cook to second
|
Batting: LHB Chris Austin
|
0-0: Foul Ball, location: 2F 0-1: Ball 1-1: Called Strike 1-2: Foul Ball, location: 2F 1-2: Ball 2-2: Strikes out looking
|
Batting: LHB António Velásquez
|
0-0: Ball 1-0: Foul Ball, location: 2F 1-1: Swinging Strike 1-2: SINGLE (Groundball, 34D) John Cook to third Duane Grounds to second Runner from 3rd tries for Home, SAFE, no throw or cutoff
|
Batting: RHB Bob Mueller
|
0-0: Foul Ball, location: 2F 0-1: Ball 1-1: Swinging Strike 1-2: Strikes out swinging
|
Batting: LHB David Lee
|
0-0: Ball 1-0: Ball 2-0: Foul Ball, location: 2F 2-1: Foul Ball, location: 2F 2-2: Foul Ball, location: 2F 2-2: Foul Ball, location: 2F 2-2: Foul Ball, location: 2F 2-2: Foul Ball, location: 2F 2-2: SINGLE (Groundball, 4MD) Duane Grounds to third António Velásquez to second Runner from 3rd tries for Home, SAFE, no throw or cutoff
|
Batting: RHB Ed Merritt
|
0-0: Called Strike 0-1: Ball 1-1: Swinging Strike 1-2: Ball 2-2: Strikes out looking
|
Bottom of the 1st over - 2 run(s), 3 hit(s), 0 error(s), 2 left on base; Mississippi 0 - Saint John's 2 |
TOP OF THE 2ND |
Mississippi Rebels batting - Pitching for Saint John's Red Storm : RHP Calvin Snyder
|
Batting: RHB Norm Richardson
|
0-0: Foul Ball, location: 2F 0-1: Ball 1-1: Swinging Strike 1-2: Ground out 5-3 (Groundball, 5S)
|
Batting: LHB Jeff Forsyth
|
0-0: Ball 1-0: Called Strike 1-1: Foul Ball, location: 2F 1-2: Strikes out looking
|
Batting: LHB Howard Evans
|
0-0: SINGLE (Groundball, 34S)
|
Batting: LHB Roger Warren
|
0-0: Called Strike 0-1: Ball 1-1: Foul Ball, location: 2F 1-2: Foul Ball, location: 2F 1-2: Foul Ball, location: 2F 1-2: Foul Ball, location: 2F 1-2: Strikes out swinging
|
Top of the 2nd over - 0 run(s), 1 hit(s), 0 error(s), 1 left on base; Mississippi 0 - Saint John's 2 |
BOTTOM OF THE 2ND |
Saint John's Red Storm batting - Pitching for Mississippi Rebels : RHP Patrick Moore
|
Batting: RHB Bobby Miller
|
0-0: Ball 1-0: Called Strike 1-1: Ball 2-1: Ball 3-1: Base on Balls
|
Batting: RHB Miguel Hernández
|
0-0: Called Strike 0-1: SINGLE (Line Drive, 56) Bobby Miller to second
|
Batting: LHB John Cook
|
0-0: Ball 1-0: Swinging Strike 1-1: Ball 2-1: Swinging Strike 2-2: Strikes out swinging
|
Batting: RHB Duane Grounds
|
0-0: Ball 1-0: SINGLE (Line Drive, 6MD) Bobby Miller to third Miguel Hernández to second
|
Batting: LHB Chris Austin
|
0-0: Swinging Strike 0-1: Called Strike 0-2: Foul Ball, location: 2F 0-2: Ball 1-2: Foul Ball, location: 2F 1-2: Foul Ball, location: 2F 1-2: Strikes out looking
|
Batting: LHB António Velásquez
|
0-0: DOUBLE (Flyball, 8LM) Bobby Miller scores Miguel Hernández scores Duane Grounds to third Runner from 3rd tries for Home, SAFE, throw made home
|
Batting: RHB Bob Mueller
|
0-0: Called Strike 0-1: Foul Ball, location: 2F 0-2: Ball 1-2: Ball 2-2: Ball 3-2: Ground out 5-3 (Groundball, 5)
|
Bottom of the 2nd over - 3 run(s), 3 hit(s), 0 error(s), 1 left on base; Mississippi 0 - Saint John's 5 |
TOP OF THE 3RD |
Mississippi Rebels batting - Pitching for Saint John's Red Storm : RHP Calvin Snyder
|
Batting: RHB Leonard Martínez
|
0-0: Called Strike 0-1: Foul Ball, location: 2F 0-2: Ball 1-2: Foul Ball, location: 2F 1-2: Foul Ball, location: 2F 1-2: Ball 2-2: Strikes out swinging
|
Batting: RHB Paul Brown
|
0-0: Called Strike 0-1: Foul Ball, location: 2F 0-2: Strikes out swinging
|
Batting: LHB Walt Ward
|
0-0: Ball 1-0: Ground out 6-3 (Groundball, 6M)
|
Top of the 3rd over - 0 run(s), 0 hit(s), 0 error(s), 0 left on base; Mississippi 0 - Saint John's 5 |
BOTTOM OF THE 3RD |
Saint John's Red Storm batting - Pitching for Mississippi Rebels : RHP Patrick Moore
|
Batting: LHB David Lee
|
0-0: Ball 1-0: Ball 2-0: Called Strike 2-1: Foul Ball, location: 2F 2-2: Strikes out swinging
|
Batting: RHB Ed Merritt
|
0-0: Foul Ball, location: 2F 0-1: Called Strike 0-2: Ball 1-2: Fly out, F2 (Popup, 25F)
|
Batting: RHB Bobby Miller
|
0-0: Foul Ball, location: 2F 0-1: SINGLE (Line Drive, 7S)
|
Batting: RHB Miguel Hernández
|
0-0: Called Strike Bobby Miller is caught stealing 2nd base
|
Bottom of the 3rd over - 0 run(s), 1 hit(s), 0 error(s), 0 left on base; Mississippi 0 - Saint John's 5 |
TOP OF THE 4TH |
Mississippi Rebels batting - Pitching for Saint John's Red Storm : RHP Calvin Snyder
|
Batting: RHB Anthony Stanley
|
0-0: Ball 1-0: Ball 2-0: Foul Ball, location: 2F 2-1: Called Strike 2-2: Ground out 6-3 (Groundball, 6)
|
Batting: RHB Alejandro Ruíz
|
0-0: Ball 1-0: Called Strike 1-1: Foul Ball, location: 2F 1-2: Fly out, F8 (Flyball, 8RXD)
|
Batting: RHB Norm Richardson
|
0-0: Called Strike 0-1: Ground out 6-3 (Groundball, 6M)
|
Top of the 4th over - 0 run(s), 0 hit(s), 0 error(s), 0 left on base; Mississippi 0 - Saint John's 5 |
BOTTOM OF THE 4TH |
Saint John's Red Storm batting - Pitching for Mississippi Rebels : RHP Patrick Moore
|
Batting: RHB Miguel Hernández
|
0-0: Ball 1-0: Ball 2-0: Fly out, F9 (Flyball, 9LM)
|
Batting: LHB John Cook
|
0-0: Ball 1-0: Called Strike
|
|
|
|
1-1: SINGLE (Groundball, 4MD)
|
Pitching: RHP Fletcher Turner
|
|
Batting: RHB Duane Grounds
|
0-0: Ball 1-0: Called Strike 1-1: DOUBLE (Line Drive, 9LM) John Cook to third
|
Batting: LHB Chris Austin
|
0-0: Foul Ball, location: 2F 0-1: Foul Ball, location: 2F 0-2: Foul Ball, location: 2F 0-2: Ball 1-2: Foul Ball, location: 2F 1-2: Foul Ball, location: 2F 1-2: Foul Ball, location: 2F 1-2: Strikes out swinging
|
Batting: LHB António Velásquez
|
0-0: Ground out U3 (Groundball, 3)
|
Bottom of the 4th over - 0 run(s), 2 hit(s), 0 error(s), 2 left on base; Mississippi 0 - Saint John's 5 |
TOP OF THE 5TH |
Mississippi Rebels batting - Pitching for Saint John's Red Storm : RHP Calvin Snyder
|
Batting: LHB Jeff Forsyth
|
0-0: Foul Ball, location: 2F 0-1: Called Strike 0-2: Ball 1-2: Ball 2-2: Foul Ball, location: 2F 2-2: Foul Ball, location: 2F 2-2: Foul Ball, location: 2F 2-2: Strikes out looking
|
Batting: LHB Howard Evans
|
0-0: Swinging Strike 0-1: Ball 1-1: Ball 2-1: Foul Ball, location: 2F 2-2: Strikes out looking
|
Batting: LHB Roger Warren
|
0-0: Called Strike 0-1: DOUBLE (Flyball, 7LD)
|
Batting: RHB Leonard Martínez
|
0-0: Called Strike 0-1: Foul Ball, location: 2F 0-2: Ball 1-2: Ball 2-2: Strikes out swinging
|
Top of the 5th over - 0 run(s), 1 hit(s), 0 error(s), 1 left on base; Mississippi 0 - Saint John's 5 |
BOTTOM OF THE 5TH |
Saint John's Red Storm batting - Pitching for Mississippi Rebels : RHP Fletcher Turner
|
Batting: RHB Bob Mueller
|
0-0: DOUBLE (Flyball, 8LM)
|
Batting: LHB David Lee
|
0-0: Foul Ball, location: 2F 0-1: Ball 1-1: Ground out 5-3 (Groundball, 5S) Bob Mueller to third
|
Batting: RHB Ed Merritt
|
0-0: Called Strike 0-1: Ball 1-1: Ball 2-1: Foul Ball, location: 2F 2-2: Ball 3-2: Foul Ball, location: 2F 3-2: Foul Ball, location: 2F 3-2: Foul Ball, location: 2F 3-2: Fly out, F6 (Popup, 6D)
|
Batting: RHB Bobby Miller
|
0-0: DOUBLE (Line Drive, 5D) Bob Mueller scores
|
Batting: RHB Miguel Hernández
|
0-0: Foul Ball, location: 2F 0-1: Swinging Strike 0-2: Ground out 4-3 (Groundball, 4M)
|
Bottom of the 5th over - 1 run(s), 2 hit(s), 0 error(s), 1 left on base; Mississippi 0 - Saint John's 6 |
TOP OF THE 6TH |
Mississippi Rebels batting - Pitching for Saint John's Red Storm : RHP Calvin Snyder
|
Batting: RHB Paul Brown
|
0-0: Foul Ball, location: 2F 0-1: Foul Ball, location: 2F 0-2: Fly out, F3 (Popup, 3SF)
|
Batting: LHB Walt Ward
|
0-0: Called Strike 0-1: Ball 1-1: Swinging Strike 1-2: Ball 2-2: Ball 3-2: Ground out U3 (Groundball, 3)
|
Batting: RHB Anthony Stanley
|
0-0: Ground out 6-3 (Groundball, 6)
|
Top of the 6th over - 0 run(s), 0 hit(s), 0 error(s), 0 left on base; Mississippi 0 - Saint John's 6 |
BOTTOM OF THE 6TH |
Saint John's Red Storm batting - Pitching for Mississippi Rebels : RHP Fletcher Turner
|
Batting: LHB John Cook
|
0-0: Ball 1-0: Ball 2-0: Ball 3-0: Base on Balls
|
Batting: RHB Duane Grounds
|
0-0: SINGLE (Groundball, 6M) John Cook to second
|
Batting: LHB Chris Austin
|
0-0: Ball 1-0: Called Strike 1-1: Ball 2-1: Ball 3-1: Base on Balls John Cook to third Duane Grounds to second
|
Batting: LHB António Velásquez
|
0-0: Ball 1-0: Foul Ball, location: 2F 1-1: Foul Ball, location: 2F 1-2: Fly out, F4 (Line Drive, 4) 1-2: Lined into DP, 4-6 (Line Drive, 4)
|
Batting: RHB Bob Mueller
|
0-0: Ball 1-0: Ball 2-0: Ball 3-0: Called Strike 3-1: Foul Ball, location: 2F 3-2: Base on Balls Chris Austin to second
|
Batting: LHB David Lee
|
0-0: Ball 1-0: Ball 2-0: Ball 3-0: Called Strike 3-1: Base on Balls John Cook scores Chris Austin to third Bob Mueller to second
|
Batting: RHB Ed Merritt
|
0-0: Ball 1-0: Swinging Strike 1-1: Ground out 5-3 (Groundball, 5S)
|
Bottom of the 6th over - 1 run(s), 1 hit(s), 0 error(s), 3 left on base; Mississippi 0 - Saint John's 7 |
TOP OF THE 7TH |
Mississippi Rebels batting - Pitching for Saint John's Red Storm : RHP Calvin Snyder
|
Pitching: RHP Dan Rodríguez
|
|
Batting: RHB Alejandro Ruíz
|
0-0: Ball 1-0: Foul Ball, location: 2F 1-1: Ball 2-1: Called Strike 2-2: SINGLE (Line Drive, 7LS)
|
Batting: RHB Norm Richardson
|
0-0: Grounds into double play, 2-6-3 (Groundball, 2R)
|
Batting: LHB Jeff Forsyth
|
0-0: Ball 1-0: Ball 2-0: Foul Ball, location: 2F 2-1: Ground out 6-3 (Groundball, 6M)
|
Top of the 7th over - 0 run(s), 1 hit(s), 0 error(s), 0 left on base; Mississippi 0 - Saint John's 7 |
BOTTOM OF THE 7TH |
Saint John's Red Storm batting - Pitching for Mississippi Rebels : RHP Fletcher Turner
|
Pitching: RHP Arturo Fowler
|
|
Batting: RHB Bobby Miller
|
0-0: Ball 1-0: Called Strike 1-1: Reached on error, E6 (Groundball, 6M)
|
Batting: RHB Miguel Hernández
|
0-0: DOUBLE (Line Drive, 9LM) Bobby Miller to third
|
Batting: LHB John Cook
|
0-0: Ball 1-0: Ball 2-0: Called Strike 2-1: Ball 3-1: Swinging Strike 3-2: Foul Ball, location: 2F 3-2: Strikes out swinging
|
Batting: RHB Duane Grounds
|
0-0: Ball 1-0: Called Strike 1-1: Swinging Strike 1-2: Ball 2-2: Ball 3-2: Base on Balls
|
Batting: LHB Chris Austin
|
0-0: Ball 1-0: Foul Ball, location: 2F 1-1: Called Strike 1-2: Ball 2-2: DOUBLE (Line Drive, 5L) Bobby Miller scores Miguel Hernández scores Duane Grounds to third Runner from 3rd tries for Home, SAFE, throw made home
|
Batting: LHB António Velásquez
|
0-0: Ball 1-0: Called Strike 1-1: Swinging Strike 1-2: Foul Ball, location: 2F 1-2: Ball 2-2: Ball 3-2: Foul Ball, location: 2F 3-2: 2-RUN HOME RUN (Flyball, 9D), Distance : 347 ft
|
Pitching: RHP Dave White
|
|
Batting: RHB Bob Mueller
|
0-0: Ground out 6-3 (Groundball, 6)
|
Batting: LHB David Lee
|
0-0: Called Strike 0-1: Called Strike 0-2: Ball 1-2: Ball 2-2: Foul Ball, location: 2F 2-2: Ball 3-2: SOLO HOME RUN (Flyball, 9D), Distance : 356 ft
|
Pinch Hitting: SHB Dan Ross
|
0-0: Called Strike 0-1: Foul Ball, location: 2F 0-2: Strikes out looking
|
Bottom of the 7th over - 6 run(s), 4 hit(s), 1 error(s), 0 left on base; Mississippi 0 - Saint John's 13 |
TOP OF THE 8TH |
Mississippi Rebels batting - Pitching for Saint John's Red Storm : RHP Dan Rodríguez
|
Now at C: Jack Kavanaugh
|
|
Now at 2B: Jim Ramsey
|
|
Now in RF: Frank Kennedy
|
|
Batting: LHB Howard Evans
|
0-0: Ball 1-0: Ball 2-0: Foul Ball, location: 2F 2-1: Ball 3-1: Called Strike 3-2: SINGLE (Flyball, 7S)
|
Batting: LHB Roger Warren
|
0-0: SINGLE (Groundball, 3) Howard Evans to second Runner from 2nd tries for 3rd, OUT!
|
Batting: RHB Leonard Martínez
|
0-0: Ball 1-0: Swinging Strike 1-1: Foul Ball, location: 2F 1-2: Ball 2-2: Fly out, F8 (Flyball, 8LM)
|
Batting: RHB Paul Brown
|
0-0: Called Strike 0-1: Ball 1-1: Ball 2-1: Called Strike 2-2: Strikes out swinging
|
Top of the 8th over - 0 run(s), 2 hit(s), 0 error(s), 1 left on base; Mississippi 0 - Saint John's 13 |
BOTTOM OF THE 8TH |
Saint John's Red Storm batting - Pitching for Mississippi Rebels : RHP Dave White
|
Batting: RHB Bobby Miller
|
0-0: Ball 1-0: Called Strike 1-1: Foul Ball, location: 2F 1-2: Ground out 6-3 (Groundball, 6M)
|
Batting: RHB Miguel Hernández
|
0-0: Foul Ball, location: 2F 0-1: Fly out, F8 (Flyball, 8RM)
|
Batting: LHB John Cook
|
0-0: Called Strike 0-1: Called Strike 0-2: Ball 1-2: Foul Ball, location: 2F 1-2: Foul Ball, location: 2F 1-2: Strikes out swinging
|
Bottom of the 8th over - 0 run(s), 0 hit(s), 0 error(s), 0 left on base; Mississippi 0 - Saint John's 13 |
TOP OF THE 9TH |
Mississippi Rebels batting - Pitching for Saint John's Red Storm : RHP Dan Rodríguez
|
Batting: LHB Walt Ward
|
0-0: Ball 1-0: Ball 2-0: Ball 3-0: Called Strike 3-1: Base on Balls
|
Batting: RHB Anthony Stanley
|
0-0: Called Strike 0-1: Called Strike 0-2: Ball 1-2: Ball 2-2: Foul Ball, location: 2F 2-2: Foul Ball, location: 2F 2-2: Ball 3-2: Foul Ball, location: 2F 3-2: Strikes out looking Walt Ward steals 2nd base Batter strikes out.
|
Batting: RHB Alejandro Ruíz
|
0-0: Ball 1-0: Ball 2-0: Fly out, F8 (Flyball, 8RM)
|
Batting: RHB Norm Richardson
|
0-0: Called Strike 0-1: Foul Ball, location: 2F 0-2: Strikes out looking
|
Top of the 9th over - 0 run(s), 0 hit(s), 0 error(s), 1 left on base; Mississippi 0 - Saint John's 13 |
|
|